 Dungeon Crawl Stone Soup version 0.29-a0-887-gcbe080d7e0 (webtiles) character file.

Game seed: 17701824360823732115

75 snetch the Magician (level 4, 0/31 HPs)
             Began as a Djinni Fire Elementalist on July 21, 2022.
             Was a Believer of Wu Jian.
             Slain by an elf zombie (4 damage)
             ... in an ossuary.
             The game lasted 00:06:50 (2449 turns).

snetch the Magician (Djinni Fire Elementalist)      Turns: 2449, Time: 00:06:51

Health: 0/31       AC:  4    Str:  7    XL:     4   Next: 55%
Gold:   186        EV: 12    Int: 19    God:    Wu Jian [**....] SH:  5 Dex: 13

rFire   + + .      SeeInvis .   a - +1 dagger (venom)
rCold   x . .      Faith    .   (no shield)
rNeg    . . .      Spirit   .   q - +0 leather armour
rPois   ∞          Reflect  +   (no helmet)
rElec   .          Harm     .   (no cloak)
rCorr   .          Rampage  .   t - +0 pair of gloves
Will    .....                   (boots unavailable)
Stlth   ++........              k - amulet of reflection
HPRegen 0.10/turn               (no ring)
MPRegen 0.00/turn               (no ring)

@: flying, very slightly contaminated
A: sickness immunity, fire resistance 2, cold vulnerability 1, float, innate
caster, HP casting, extra vitality 1
a: Renounce Religion, Wall Jump


You were in an ossuary.
You worshipped Wu Jian.
Wu Jian was pleased with you.
You visited 1 branch of the dungeon, and saw 4 of its levels.
You also visited: Ossuary.

You collected 186 gold pieces.

Inventory:

Hand Weapons
 a - a +1 dagger of venom (weapon)
 l - a +0 short sword
Missiles
 b - 6 poisoned darts
 i - 24 stones
 r - 3 atropa-tipped darts
Armour
 d - a +0 scale mail
 e - a +0 ring mail
 q - a +0 leather armour (worn)
 t - a +0 pair of gloves (worn)
Jewellery
 k - an amulet of reflection (around neck)
Scrolls
 c - 4 scrolls of magic mapping {unknown}
 g - 2 scrolls of identify {unknown}
 m - a scroll of vulnerability {unknown}
 n - a scroll of teleportation {unknown}
 p - a scroll of blinking {unknown}
Potions
 f - a potion of invisibility {unknown}
 h - a potion of mutation {unknown}
 j - 2 potions of degeneration {unknown}
 o - a potion of brilliance {unknown}
 s - a potion of resistance {unknown}
 u - a potion of flight {unknown}
 v - a potion of ambrosia {unknown}


   Skills:
 + Level 0.4 Short Blades
 + Level 2.7 Dodging
 + Level 2.1 Stealth
 + Level 3.4 Spellcasting


You couldn't memorise any spells.
You knew the following spells:

 Your Spells              Type           Power      Damage    Failure   Level
a - Foxfire               Conj/Fire      64%        2x1d7     5%          1
b - Scorch                Fire           32%        2d6       9%          2
c - Conjure Flame         Conj/Fire      16%        6-21      16%         3
d - Inner Flame           Hex/Fire       16%        N/A       16%         3
e - Flame Wave            Conj/Fire      16%        2d6       47%         4
f - Beastly Appendage     Tmut           32%        N/A       5%          1
Your spell library was empty.

Dungeon Overview and Level Annotations

Branches:
Dungeon (4/15)            Ossuary (1/1)
 Temple: D:4-7

Altars:
Qazlal
Wu Jian


Innate Abilities, Weirdness & Mutations

You are immune to sickness and miasma.
You are immune to poison.
Your flesh is very heat resistant. (rF++)
You are vulnerable to cold. (rC-)
You float through the air rather than walking.
You learn spells naturally, not from books.
Your magical power is your life essence.
You have superior vitality. (+4 MHP)


Message History

You hit the jackal zombie but do no damage.
You block the hobgoblin zombie's attack.
The jackal zombie closely misses you.
Unknown command.
You spin and attack the jackal zombie.
You hit the jackal zombie.
The jackal zombie is moderately damaged.
You spin and attack the hobgoblin zombie.
You hit the hobgoblin zombie.
You destroy the hobgoblin zombie!
The Council accepts your kill. You block the jackal zombie's attack.
You spin and attack the elf zombie.
You hit the elf zombie.
The elf zombie is severely damaged.
You spin and attack the jackal zombie.
You hit the jackal zombie.
The jackal zombie is heavily damaged.
The jackal zombie bites you but does no damage.
The elf zombie hits you but does no damage.
Unknown command.
Casting: Foxfire (safe; 5% risk of failure)
Confirm with . or Enter, or press ? or * to list all spells.
You miscast Scorch.
You are very lightly contaminated with residual magic.
Nothing appears to happen.
The jackal zombie bites you. The jackal zombie closely misses you.
The elf zombie hits you.
* * * LOW HITPOINT WARNING * * *
Casting: Scorch (safe; 9% risk of failure)
Confirm with . or Enter, or press ? or * to list all spells.
Flames lash the jackal zombie.
You destroy the jackal zombie!
The Council accepts your kill.
* * * LOW HITPOINT WARNING * * *
Unknown command.
Casting: Scorch (safe; 9% risk of failure)
Confirm with . or Enter, or press ? or * to list all spells.
Flames lash the elf zombie.
The elf zombie is almost destroyed.
The elf zombie's fire resistance burns away.
* * * LOW HITPOINT WARNING * * *
The elf zombie hits you.
You die...

############
#...........
#.@.........
#..Z.#+#....
#...## .
#...# #...#
#..## #..#
#∩.# #..#


You could see an elf zombie (combustible).

Vanquished Creatures
  An adder (D:3)
  2 worms (D:2)
  A dart slug (D:1)
  3 orcs (D:3)
  3 ball pythons
  2 bats
  5 endoplasms
  3 giant cockroaches
  4 goblins
  6 hobgoblins
  3 jackals (D:4)
  3 kobolds
  A quokka (D:2)
  6 frilled lizards
  A hobgoblin zombie (Ossuary)
  A jackal zombie (Ossuary)
  A kobold zombie (Ossuary)
  5 rats
51 creatures vanquished.

Vanquished Creatures (others)
  104 foxfires
104 creatures vanquished.

Grand Total: 155 creatures vanquished

Notes
Turn   | Place    | Note
-------+----------+-------------------------------------------
     0 | D:1      | snetch the Djinni Fire Elementalist began the quest for the
                  | Orb.
     0 | D:1      | snetch set off with the following spells memorised:
                  | Foxfire, Scorch, Conjure Flame, Inner Flame, Flame Wave.
     0 | D:1      | Reached XP level 1. HP: 15/15 MP: 0/0
   361 | D:2      | Reached XP level 2. HP: 16/21 MP: 0/0
   632 | D:1      | Found a faded altar of an unknown god.
   646 | D:1      | Prayed at the altar of an unknown god.
   646 | D:1      | Became a worshipper of the Wu Jian Council
   646 | D:1      | Reached * piety under Wu Jian
   834 | D:2      | Reached XP level 3. HP: 19/25 MP: 0/0
   834 | D:2      | Learned a level 1 spell: Beastly Appendage
   839 | D:2      | Reached skill level 3 in Spellcasting
   996 | D:2      | Found a stormy altar of Qazlal.
  2055 | D:3      | Reached XP level 4. HP: 31/31 MP: 0/0
  2225 | D:3      | Reached ** piety under Wu Jian
  2235 | D:3      | Found an ornate altar of the Wu Jian Council.
  2244 | D:4      | Found a sand-covered staircase.
  2267 | Ossuary  | Entered an ossuary
  2449 | Ossuary  | Slain by an elf zombie

Illustrated notes

Levels and vault maps discovered:
D:1:      amcnicky_arrival_underground_garden, layout_loops_ring,
          hellmonk_ecumenical_altar_run_dry
D:2:      layout_loops_ring, basic_altar, kennysheep_another_room
D:3:      layout_rooms, mainiacjoe_overflow_small_starburst, serial_glass,
          glass_columns_b, glass_columns_c, glass_columns_a, glass_columns_b,
          glass_columns_a, feat_on_display, due_unseen_surprise,
          item_on_display_a, feat_on_display, grunt_decor_junction,
          minmay_strange_pillars, amcnicky_mini_corridor_feature,
          chequers_garden
D:4:      layout_basic, minmay_temple_entry_water_ring, enter_ossuary_1,
          serial_curves, eino_curves_04, eino_curves_03, eino_curves_03
Ossuary:  minmay_ossuary_two_tombs

Skill      XL: |  1  2  3  4 |
---------------+-------------+-----
Spellcasting   | 3 |  3.4
Stealth        | 2 |  2.1
Short Blades   | |  0.4
Dodging        | |  2.7

Action                   |  1- 3 |  4- 6 || total
-------------------------+-------+-------++-------
Melee: Unarmed           |     2 |       ||     2
       Short sword       |    18 |       ||    18
       Dagger            |    28 |    27 ||    55
 Cast: Foxfire           |    41 |    17 ||    58
       Scorch            |     3 |     2 ||     5
Invok: Lunge             |     7 |       ||     7
       Whirlwind         |    12 |    27 ||    39
 Stab: Sleeping          |     1 |       ||     1
Armor: Robe              |    12 |       ||    12
       Leather armour    |     5 |    10 ||    15
Dodge: Dodged            |    27 |    16 ||    43
Block: Other             |     5 |     7 ||    12

Table legend: (Time is in decaauts)
 A = Elapsed time spent in this place.
 B = Non-inter-level travel time spent in this place.
 C = Inter-level travel time spent in this place.
 D = Time resting spent in this place.
 E = Time spent auto-exploring this place.
 F = Levels seen in this place.
 G = Mean time per level.
                   A        B        C        D        E       F      G
               +--------+--------+--------+--------+--------+-----+--------+
         Total |   2451 |   2397 |     54 |      0 |   1695 |   5 |  490.2 |
       Dungeon |   2269 |   2215 |     54 |      0 |   1534 |   4 |  567.2 |
       Ossuary |    181 |    181 |      0 |      0 |    161 |   1 |  181.0 |
               +--------+--------+--------+--------+--------+-----+--------+

Top non-repeatable levels by time:
     D:1: 1131 daAuts
     D:2: 866 daAuts
     D:3: 249 daAuts
 Ossuary: 181 daAuts
     D:4: 22 daAuts
